 Dungeon Crawl Stone Soup version 0.16-a0-148-g3b84123 (webtiles) character file.

765 Sachiko the Slasher (level 7, -2/61 HPs)
             Began as a Minotaur Fighter on Aug 16, 2014.
             Slain by an orc warrior
             ... wielding a +0 scimitar
              (10 damage)
             ... on Level 5 of the Dungeon.
             The game lasted 00:13:47 (4224 turns).

Sachiko the Slasher (Minotaur Fighter)              Turns: 4224, Time: 00:13:48

HP  -2/61        AC  8     Str 22      XL: 7   Next: 52%
MP   3/3         EV  7     Int  5      God:
Gold 353         SH 10     Dex 10      Spells:  0 memorised,  6 levels left

rFire  . . .     SeeInvis .     a - +0 long sword
rCold  . . .     Clarity  +     b - +0 scale mail
rNeg   . . .     rCorr    .     c - +0 shield
rPois  .         rRot     .     (helmet restricted)
rElec  .         Spirit   .     w - +0 cloak
SustAb .         Warding  .     (no gloves)
rMut   .         Stasis   .     (no boots)
Gourm  .                        r - amulet of clarity
MR     .....                    (no ring)
                                (no ring)

@: hasted, very quick, not resistant to hostile enchantments, extremely
unstealthy
A: retaliatory headbutt, horns 2
a: no special abilities


You were on level 5 of the Dungeon.
You were hungry.

You visited 2 branches of the dungeon, and saw 7 of its levels.

You collected 353 gold pieces.

Inventory:

Hand weapons
 a - a +0 long sword (weapon)
Armour
 b - a +0 scale mail (worn)
 c - a +0 shield (worn)
 w - a +0 cloak (worn)
Comestibles
 d - 2 bread rations
 f - 4 fruits
 k - 2 royal jellies
 x - a meat ration
Scrolls
 o - 6 scrolls of identify
 t - 3 scrolls of teleportation
 u - 4 scrolls of remove curse
Jewellery
 r - an amulet of clarity (around neck)
 v - an uncursed amulet of guardian spirit {unknown}
Potions
 e - 3 potions of might
 h - a potion of haste
 j - a potion of restore abilities
Books
 i - a book of Beasts

   Spells                             Type                      Level
   Summon Butterflies                 Summoning                    1
   Call Canine Familiar               Summoning                    3
   Summon Ice Beast                   Ice/Summoning                4
   Summon Mana Viper                  Hexes/Summoning              5
   Monstrous Menagerie                Summoning                    6
   Summon Hydra                       Summoning                    7
 l - a Necronomicon {highlevel, unknown}

   This book is beyond your current level of understanding.

   Spells                             Type                      Level
   Haunt                              Necromancy/Summoning         7
   Borgnjor's Revivification          Necromancy                   8
   Death's Door                       Charms/Necromancy            8
   Necromutation                      Transmutation/Necromancy     8
 n - a book of Maledictions

   Spells                             Type                      Level
   Corona                             Hexes                        1
   Sure Blade                         Hexes/Charms                 2
   Ensorcelled Hibernation            Hexes/Ice                    2
   Confuse                            Hexes                        3
   Dazzling Spray                     Conjuration/Hexes            3
   Enslavement                        Hexes                        4


   Skills:
 + Level 5.5 Fighting
 * Level 5.9 Long Blades
 + Level 5.3 Armour
 + Level 3.4 Dodging
 + Level 5.7 Shields


You had 6 spell levels left.
You didn't know any spells.

Dungeon Overview and Level Annotations

Branches:
Dungeon (6/15)             Temple (1/1) D:4

Altars:
Dithmenos
Elyvilon
Fedhas
Gozag
Kikubaaqudgha
Makhleb
Nemelex Xobeh
Qazlal
Sif Muna
Trog
Vehumet
Xom
Yredelemnul
Zin
The Shining One

Shops:
D:4 :


Innate Abilities, Weirdness & Mutations

You reflexively headbutt those who attack you in melee.
You have a pair of horns on your head.


Message History

You are too injured to fight recklessly!
You are too injured to fight recklessly!
You are too injured to fight recklessly!
Drink which item? (? for menu, Esc to quit)
You feel better.
The orc warrior hits you with a scimitar.
There is a stone staircase leading up here.
The orc warrior hits you with a scimitar!
You climb upwards.
There is a stone staircase leading down here.
You closely miss the orc warrior.
The orc warrior hits you with a scimitar!
* * * LOW HITPOINT WARNING * * *
You hit the orc warrior but do no damage.
The orc warrior hits you with a scimitar.
* * * LOW HITPOINT WARNING * * *
Drink which item? (? for menu, Esc to quit)
You feel yourself speed up.
The orc warrior hits you with a scimitar!
You die...

#..##..#......(.# ##
######.##...##..##
#..#...#....## ##........#...##
#........####..# ##....##..#
##.. ####...####).# ##.
##.....###....### #.
#..o@.......#...####.
#..........##....##..
#.........####..>....
##....................
#########........##...........
###...#.........#####..........#
##.............### #...........
....(....####..# #...?.......
...##....# ##.# #.......#...


You could see an orc warrior.

Vanquished Creatures
  A sky beast (D:5)
  An ogre (D:4)
  2 giant frogs
  2 crimson imps (D:5)
  An orc priest (D:5)
  An orc wizard (D:3)
  2 worker ants
  Ijyb (D:3)
  2 ogre skeletons (D:4)
  8 adders
  3 gnolls (D:4)
  A giant mite (D:2)
  5 worms
  An adder skeleton (D:5)
  4 giant geckos
  An ooze (D:3)
  9 orcs
  2 ball pythons
  A bat skeleton (D:5)
  10 hobgoblins
  11 jackals
  9 kobolds
  11 bats
  5 giant cockroaches
  A giant cockroach zombie (D:5)
  6 giant newts
  11 goblins
  6 rats
118 creatures vanquished.

Notes
Turn   | Place    | Note
--------------------------------------------------------------
     0 | D:1      | Sachiko, the Minotaur Fighter, began the quest for the Orb.
     0 | D:1      | Reached XP level 1. HP: 19/19 MP: 1/1
   474 | D:1      | Reached XP level 2. HP: 22/27 MP: 1/1
   664 | D:1      | Reached skill level 4 in Shields
   985 | D:2      | Reached XP level 3. HP: 33/33 MP: 2/2
  1151 | D:2      | Reached XP level 4. HP: 40/40 MP: 2/2
  1290 | D:2      | Reached skill level 1 in Dodging
  1498 | D:3      | Found a shadowy altar of Dithmenos.
  1606 | D:3      | Reached XP level 5. HP: 26/46 MP: 2/2
  1799 | D:3      | Noticed Ijyb
  1813 | D:3      | Killed Ijyb
  2122 | D:4      | Noticed an ogre
  2148 | D:4      | Killed an ogre
  2148 | D:4      | Reached skill level 5 in Shields
  2148 | D:4      | Reached XP level 6. HP: 32/53 MP: 3/3
  2496 | D:4      | Reached skill level 5 in Long Blades
  2510 | D:4      | Found a staircase to the Ecumenical Temple.
  2532 | Temple   | Entered the Ecumenical Temple
  2685 | D:4      | Found a glowing golden altar of the Shining One.
  2689 | D:4      | Found a basalt altar of Yredelemnul.
  2690 | D:4      | Noticed a profane servitor
  2696 | D:4      | Noticed an angel
  2704 | D:4      | Found Thrio's Book Boutique.
  2927 | D:4      | Reached skill level 5 in Fighting
  3057 | D:5      | Entered Level 5 of the Dungeon
  3304 | D:5      | Reached XP level 7. HP: 45/61 MP: 3/3
  3306 | D:5      | Reached skill level 5 in Armour
  4224 | D:5      | Slain by an orc warrior

Action                   |  1- 3 |  4- 6 |  7- 9 || total
-------------------------+-------+-------+-------++-------
Melee: Long sword        |   111 |   235 |    84 ||   430
  Use: Scroll            |     4 |     3 |     2 ||     9
       Potion            |     2 |     5 |     3 ||    10
  Eat: Chunk             |     1 |     7 |     2 ||    10
       Fruit             |       |       |     1 ||     1
